 Dungeon Crawl Stone Soup version 0.25-a0-930-g9f5dfa9815 (webtiles) character file.

Game seed: 5707591459281169248, levelgen mode: deterministic

231 HoaS the Ruffian (level 6, -8/60 HPs)
             Began as a Gargoyle Berserker on May 3, 2020.
             Was a Priest of Trog.
             Splashed by a goblin's acid (12 damage)
             ... on level 3 of the Dungeon.
             The game lasted 00:05:18 (2292 turns).

HoaS the Ruffian (Gargoyle Berserker)               Turns: 2292, Time: 00:05:19

Health: -8/60      AC: 10    Str: 23    XL:     6   Next: 3%
Magic:  6/6        EV:  8    Int:  7    God:    Trog [***...]
Gold:   159        SH:  0    Dex:  9    Spells: 5/5 levels left

rFire    . . .     SeeInvis .     - Unarmed
rCold    . . .     Gourm    .   (no shield)
rNeg     + . .     Faith    .   a - +0 chain mail
rPois    ∞         Spirit   .   (no helmet)
rElec    +         Reflect  .   e - +0 cloak
rCorr    .         Harm     .   (no gloves)
MR       ++...                  (no boots)
Stlth    ..........             (no amulet)
HPRegen  1.20/turn              (no ring)
MPRegen  0.10/turn              (no ring)

@: berserking, corroded, regenerating, very quick
A: negative energy resistance 1, electricity resistance, unbreathing,
petrification resistance, rot immunity, AC +4
a: Berserk, Trog's Hand, Renounce Religion


You were on level 3 of the Dungeon.
You worshipped Trog.
Trog was most pleased with you.
You were hungry.

You visited 1 branch of the dungeon, and saw 3 of its levels.

You collected 159 gold pieces.

Inventory:

Armour
 a - a +0 chain mail (worn)
 e - a +0 cloak (worn)
Jewellery
 m - a +5 ring of strength {unknown}
Scrolls
 d - 2 scrolls of remove curse {unknown}
 g - a scroll of enchant weapon {unknown}
 h - 3 scrolls of identify {unknown}
 i - a scroll of magic mapping {unknown}
 k - a scroll of amnesia {unknown}
 l - a scroll of teleportation {unknown}
Potions
 f - a potion of curing {unknown}
 j - 2 potions of lignification {unknown}
 n - a potion of heal wounds {unknown}
Comestibles
 b - 3 rations
 c - 10 chunks of flesh


   Skills:
 + Level 4.8 Fighting
 - Level 2.1 Armour
 - Level 1.5 Dodging
 * Level 5.6 Unarmed Combat


You had 5 spell levels left.
You didn't know any spells.
Your spell library was empty.

Dungeon Overview and Level Annotations

Branches:
Dungeon (3/15)

Altars:
Sif Muna

Annotations:
D:3 1 runed translucent door


Innate Abilities, Weirdness & Mutations

You are resistant to torment.
Your stone body is resilient. (AC +4)
You are immune to poison.
You resist negative energy. (rN+)
You are resistant to electric shocks. (rElec)
You can survive without breathing.
You are immune to petrification.
You are immune to rotting.


Message History

The goblin zaps a wand.
The bolt of acid misses you.
You closely miss the goblin.
The goblin is heavily wounded.
The goblin zaps a wand.
The bolt of acid hits you! The acid corrodes you!
You are splashed with acid!
* * * LOW HITPOINT WARNING * * *
You closely miss the goblin.
The goblin is heavily wounded.
The goblin hits you.
* * * LOW HITPOINT WARNING * * *
A red film seems to cover your vision as you go berserk!
You feel yourself moving faster!
You feel mighty!
You are feeling hungry.
The goblin hits you but does no damage.
You barely miss the goblin.
The goblin is heavily wounded.
The goblin zaps a wand.
The bolt of acid hits you!
* * * LOW HITPOINT WARNING * * *
The acid corrodes you!
You are splashed with acid!
You die...

.##.##.###.# #.....###
.÷..##.# #.# ####
##...## .#####.# #.#
##..# #.### .##....#
########.# #.# ....#..#
≈SS+.# .##.#..#####
###.# ....#....#.# #..#
##.#####...######.##
................@g.#
.#.###'###..######......
...# #.# #..# .#####
#..###.###.## .#
#..+.._..'.# g#
#..#######....# .# #..#
### #.##.# .. ##. ###
#.# # ... ...


You could see a goblin.

Vanquished Creatures
  2 orc wizards (D:3)
  4 gnolls (D:2)
  4 adders (D:2)
  2 oozes (D:2)
  4 worms
  2 dart slugs
  A leopard gecko (D:2)
  3 orcs
  A ball python (D:1)
  8 bats
  4 giant cockroaches
  15 goblins
  3 hobgoblins
  3 jackals (D:3)
  7 kobolds
  7 frilled lizards
  8 rats
78 creatures vanquished.

Notes
Turn   | Place    | Note
-------+----------+-------------------------------------------
     0 | D:1      | HoaS the Gargoyle Berserker began the quest for the Orb.
     0 | D:1      | Reached XP level 1. HP: 14/14 MP: 1/1
    37 | D:1      | Reached XP level 2. HP: 10/19 MP: 2/2
   584 | D:1      | Reached XP level 3. HP: 24/24 MP: 3/3
   733 | D:1      | Reached ** piety under Trog
  1007 | D:2      | Reached skill level 4 in Unarmed Combat
  1134 | D:2      | Reached XP level 4. HP: 29/29 MP: 4/4
  1480 | D:2      | Reached XP level 5. HP: 33/34 MP: 5/5
  1550 | D:2      | Reached skill level 5 in Unarmed Combat
  2025 | D:3      | Reached *** piety under Trog
  2084 | D:3      | Reached XP level 6. HP: 40/40 MP: 6/6
  2265 | D:3      | Found a shimmering blue altar of Sif Muna.
  2281 | D:3      | Found a runed translucent door.
  2292 | D:3      | Splashed by a goblin's acid

Levels and vault maps discovered:
D:1:      saegor_arrival_under_anarchy, layout_basic
D:2:      layout_basic
D:3:      layout_loops_ring, lemuel_doored_altar, lemuel_coloured_pillars_altar,
          ebering_ghost_sewer_d

Skill      XL: |  1  2  3  4  5 |
---------------+----------------+-----
Unarmed Combat | 4 5 |  5.6
Fighting       | 4 |  4.8
Armour         | |  2.1
Dodging        | |  1.5

Action                   |  1- 3 |  4- 6 || total
-------------------------+-------+-------++-------
Melee: Unarmed           |   127 |   144 ||   271
       Punch             |     3 |     2 ||     5
Invok: Berserk           |       |     2 ||     2
       Trog's Hand       |       |     1 ||     1
 Stab: Sleeping          |     2 |       ||     2
       Distracted        |       |     1 ||     1
  Eat: Chunk             |     1 |     5 ||     6
Armor: Animal skin       |    40 |    12 ||    52
       Ring mail         |       |    21 ||    21
       Chain mail        |       |    22 ||    22
Dodge: Dodged            |    85 |    63 ||   148

Table legend:
 A = Non-vault XP
 B = Vault XP
 C = Vault XP percentage of total XP
 D = Non-vault monster count
 E = Vault monster count
 F = Vault count percentage of total count
                 A         B        C        D         E       F
            +---------+---------+-------+---------+---------+-------
      Total |     330 |       0 |   0.0 |      78 |       0 |   0.0
            +---------+---------+-------+---------+---------+-------
        D:1 |      49 |       0 |   0.0 |      30 |       0 |   0.0
        D:2 |     170 |       0 |   0.0 |      31 |       0 |   0.0
        D:3 |     111 |       0 |   0.0 |      17 |       0 |   0.0
            +---------+---------+-------+---------+---------+-------
